 Dungeon Crawl Stone Soup version 0.22.1-1-ga44c0e5 (webtiles) character file.

13 Folque the Magician (level 2, -4/18 HPs)
             Began as an Octopode Wizard on Oct 4, 2018.
             Slain by Natasha (9 damage)
             ... on level 2 of the Dungeon.
             The game lasted 00:02:01 (871 turns).

Folque the Magician (Octopode Wizard)                Turns: 871, Time: 00:02:01

Health: -4/18      AC:  1    Str:  6    XL:     2   Next: 37%
Magic:  0/6        EV: 13    Int: 20    God:
Gold:   30         SH:  0    Dex: 10    Spells: 2/7 levels left

rFire    . . .     SeeInvis .   d - +0 short sword
rCold    . . .     Gourm    .   (no shield)
rNeg     . . .     Faith    .   a - +0 hat
rPois    .         Spirit   .   (no amulet)
rElec    .         Reflect  .   (no ring)
rCorr    .         Harm     .   (no ring)
MR       .....                  (no ring)
Stlth    +++.......             (no ring)
HPRegen  0.06/turn              (no ring)
MPRegen  0.10/turn              (no ring)
                                (no ring)
                                (no ring)

@: very slightly contaminated
A: almost no armour, stealthy swim, amphibious, 8 rings, constrict 8, camouflage
1, gelatinous body 1
a: no special abilities


You were on level 2 of the Dungeon.
You were not hungry.

You visited 1 branch of the dungeon, and saw 2 of its levels.

You collected 30 gold pieces.

Inventory:

Hand Weapons
 d - a +0 short sword (weapon)
Missiles
 e - 19 sling bullets
 i - 11 poisoned needles
Armour
 a - a +0 hat (worn)
Scrolls
 g - a scroll of remove curse {unknown}
Potions
 b - a potion of lignification {unknown}
Comestibles
 c - a ration


   Skills:
 * Level 1.2 Fighting
 - Level 2.0 Dodging
 - Level 2.6 Stealth
 + Level 3.1 Spellcasting
 * Level 1.4 Conjurations
 - Level 1.0 Summonings
 - Level 1.0 Translocations


You had 2 spell levels left.
You knew the following spells:

 Your Spells              Type           Power        Failure   Level  Hunger
a - Magic Dart            Conj           #...         8%          1    None
b - Call Imp              Summ           #.......     14%         2    ##.....
c - Blink                 Tloc           N/A          14%         2    ##.....

Your spell library contained the following spells:

 Spells                   Type           Power        Failure   Level  Hunger
 Slow                     Hex            #.......     22%         2    ##.....
 Conjure Flame            Conj/Fire      #.......     30%         3    ###....
 Mephitic Cloud           Conj/Pois/Air  #.......     34%         3    ###....


Dungeon Overview and Level Annotations

Branches:
Dungeon (2/15)

Altars:

Annotations:
D:2 Natasha


Innate Abilities, Weirdness & Mutations

You cannot wear most types of armour.
You are very stealthy in the water. (Stealth+)
You are amphibious.
You can wear up to eight rings at the same time.
You can use your tentacles to constrict eight enemies at once.
Your skin changes colour to match your surroundings (Stealth+).
Your rubbery body absorbs attacks. (AC +1, EV +1)


Message History

The world appears momentarily distorted.
The goblin shouts!
Natasha closely misses you.
Casting: Call Imp (safe; 14% risk of failure)
Confirm with . or Enter, or press ? or * to list all spells.
You miscast Call Imp.
Your head hurts.
Natasha misses you. Natasha claws you.
Casting: Call Imp (safe; 14% risk of failure)
Confirm with . or Enter, or press ? or * to list all spells.
A beastly little devil appears in a puff of flame.
Natasha claws you!
Ouch! That really hurt!
* * * LOW HITPOINT WARNING * * *
Natasha mumbles some strange words.
The white imp gestures at you.
The puff of frost hits your crimson imp.
Your crimson imp is frozen!
Your crimson imp barely misses the white imp.
Natasha claws you!
Ouch! That really hurt!
You die...

##### #. #...# #.
###...### .
#.###.......#
..##..<........#
.......##.@.....#
.......####h..###
..#####gg..5..#
........##5##.#
........##.##.#
........##g##.#
........##.##.#
.#......##.##.#
######.......#


You could see Natasha and a friendly crimson imp.

Vanquished Creatures
  2 ball pythons
  A bat (D:1)
  A giant cockroach (D:1)
  2 goblins (D:1)
  A hobgoblin (D:1)
  2 frilled lizards (D:1)
  A kobold (D:1)
  2 rats (D:1)
12 creatures vanquished.

Notes
Turn   | Place    | Note
-------+----------+-------------------------------------------
     0 | D:1      | Folque the Octopode Wizard began the quest for the Orb.
     0 | D:1      | Reached XP level 1. HP: 11/11 MP: 4/4
   545 | D:1      | Reached skill level 1 in Fighting
   545 | D:1      | Reached XP level 2. HP: 9/18 MP: 3/6
   832 | D:1      | Learned a level 2 spell: Call Imp
   835 | D:1      | Learned a level 2 spell: Blink
   860 | D:2      | Noticed Natasha
   871 | D:2      | Slain by Natasha

Skill      XL: |  1 |
---------------+----+-----
Fighting       | 1 |  1.2
Dodging        | |  2.0
Stealth        | |  2.6
Spellcasting   | |  3.1
Conjurations   | |  1.4
Summonings     | |  1.0
Translocations | |  1.0

Action                   || total
-------------------------++-------
Melee: Short sword       ||    30
       Constrict         ||     6
       Tentacles         ||     2
       Unarmed           ||     1
 Cast: Magic Dart        ||     2
       Call Imp          ||     1
  Use: Potion            ||     1
 Stab: Sleeping          ||     3
Armor: Skin              ||     2
Dodge: Dodged            ||    30
